 Dungeon Crawl Stone Soup version 0.26.1-10-gdfb7c7de75 (webtiles) character file.

Game seed: 10883028491868990230

89 JustSomeDude the Cudgeller (level 4, 0/44 HPs)
             Began as a Troll Monk on Apr 5, 2021.
             Slain by a hobgoblin (5 damage)
             ... on level 3 of the Dungeon.
             The game lasted 00:02:23 (1925 turns).

JustSomeDude the Cudgeller (Troll Monk)             Turns: 1925, Time: 00:02:23

Health: 0/44       AC:  6    Str: 20    XL:     4   Next: 31%
Magic:  3/3        EV: 11    Int:  6    God:
Gold:   100        SH:  0    Dex: 12    Spells: 3/3 levels left

rFire    . . .     SeeInvis .   a - +0 mace
rCold    . . .     Faith    .   (no shield)
rNeg     . . .     Spirit   .   b - +0 robe
rPois    .         Reflect  .   (helmet restricted)
rElec    .         Harm     .   (no cloak)
rCorr    .         Rampage  .   (gloves unavailable)
Will     .....                  (boots unavailable)
Stlth    ++........             (no amulet)
HPRegen  0.54/turn              (no ring)
MPRegen  0.08/turn              (no ring)

@: no status effects
A: large, unfitting armour, claws 3, regeneration 1, shaggy fur 1, tough skin 3
a: no special abilities


You were on level 3 of the Dungeon.
You visited 1 branch of the dungeon, and saw 3 of its levels.

You collected 100 gold pieces.

Inventory:

Hand Weapons
 a - a +0 mace (weapon)
Armour
 b - a +0 robe (worn)
Scrolls
 c - a scroll of enchant weapon {unknown}
 f - 3 scrolls of identify {unknown}
 g - 2 scrolls of fog {unknown}
 i - a scroll of amnesia {unknown}
Potions
 d - a potion of curing {unknown}
 e - a potion of lignification {unknown}
 h - a potion of attraction {unknown}
 j - 3 potions of brilliance {unknown}


   Skills:
 + Level 2.9 Fighting
 + Level 3.5 Maces & Flails
 + Level 3.0 Dodging
 + Level 1.3 Stealth


You had 3 spell levels left.
You didn't know any spells.
Your spell library was empty.

Dungeon Overview and Level Annotations

Branches:
Dungeon (3/15)

Altars:
Dithmenos
Gozag


Innate Abilities, Weirdness & Mutations

You are too large for most types of armour.
You have claws for hands.
Your natural rate of healing is unusually fast.
You are covered in fur. (AC +1)
You have extremely tough skin. (AC +3)


Message History

You hit the hobgoblin but do no damage.
The hobgoblin is severely wounded.
The orc hits you with a +0 flail!
* * * LOW HITPOINT WARNING * * *
The hobgoblin closely misses you.
You hit the hobgoblin but do no damage.
The hobgoblin is severely wounded.
The orc closely misses you. The hobgoblin barely misses you.
You hit the hobgoblin.
The hobgoblin is almost dead.
The orc hits you but does no damage.
The hobgoblin hits you but does no damage.
You barely miss the hobgoblin.
The hobgoblin is almost dead.
The hobgoblin hits you but does no damage.
The orc closely misses you.
You barely miss the hobgoblin.
The hobgoblin is almost dead.
The hobgoblin hits you.
You die...

#. ..###.. .#
##.# #..#..# #.#
...##.....##..#
....$........ .
#.........# .#
##..._...##
..##....g....##.
........@.......
##..##..o..##...
#.###..#..# #
#.##..###..#
#.....## ....
##......#..#..#
###
##...............
#.##
##.......###.#
$##
...####.........#
#


You could see an orc and a hobgoblin.

Vanquished Creatures
  3 adders
  An ooze (D:1)
  2 worms (D:2)
  2 dart slugs (D:1)
  3 leopard geckos
  An orc (D:3)
  3 giant cockroaches (D:1)
  5 goblins
  5 hobgoblins
  5 bats
  10 kobolds
  4 rats
44 creatures vanquished.

Notes
Turn   | Place    | Note
-------+----------+-------------------------------------------
     0 | D:1      | JustSomeDude the Troll Monk began the quest for the Orb.
     0 | D:1      | Reached XP level 1. HP: 22/22 MP: 0/0
   185 | D:1      | Reached XP level 2. HP: 25/29 MP: 1/1
   572 | D:1      | Reached XP level 3. HP: 32/36 MP: 2/2
  1065 | D:2      | Reached XP level 4. HP: 31/44 MP: 3/3
  1728 | D:2      | Found an opulent altar of Gozag.
  1898 | D:3      | Found a shadowy altar of Dithmenos.
  1921 | D:3      | HP: 2/44 [orc/+0 flail (7)]
  1925 | D:3      | Slain by a hobgoblin

Illustrated notes

Levels and vault maps discovered:
D:1:      wander_arrival_estate, layout_loops_ring, amcnicky_mini_pool_small,
          serial_park_tiny_pond
D:2:      layout_basic, grunt_gozag_breadcrumbs, minmay_cupped
D:3:      layout_loops_corners, cheibriados_altar_1, grunt_ministairs_1,
          nicolae_dithmenos_shadow_blocks

Skill      XL: |  1  2  3 |
---------------+----------+-----
Maces & Flails | 3 |  3.5
Dodging        | 3 |  3.0
Fighting       | |  2.9
Stealth        | |  1.3

Action                   |  1- 3 |  4- 6 || total
-------------------------+-------+-------++-------
Melee: Mace              |   141 |    32 ||   173
 Stab: Sleeping          |     5 |       ||     5
Armor: Robe              |    77 |    14 ||    91
Dodge: Dodged            |   121 |    29 ||   150
